 Dungeon Crawl Stone Soup version 0.30-a0-168-g0b976cbdc4 (webtiles) character file.

Game seed: 9284449762137165588

203552 qw the Severer (level 18, -20/116 HPs)
             Began as a Gargoyle Fighter on Sept 29, 2022.
             Was a High Priest of Okawaru.
             Demolished by a titanic slime creature (62 damage)
             ... on level 1 of the Vaults.
             The game lasted 00:11:57 (30753 turns).

qw the Severer (Gargoyle Fighter)                  Turns: 30753, Time: 00:11:58

Health: -20/116    AC: 55    Str: 38    XL:     18   Next: 62%
Magic:  25/25      EV: 11    Int:  9    God:    Okawaru [*****.]
Gold:   840        SH: 26    Dex:  9    Spells: 17/17 levels left

rFire   + + .      SeeInvis +    g - +14 obsidian axe {vorpal, Mesm Drain Fly SInv}
rCold   + + .      Faith    .    H - +0 tower shield
rNeg    + . .      Spirit   .    D - +5 plate armour {rPois}
rPois   inf        Reflect  +    f - +1 helmet "Veunius" {Rampage rElec rC++ Stlth-}
rElec   +          Harm     .    C - +2 cloak of Awe {rElec rC+ Str+4}
rCorr   .          Rampage  +    o - +2 pair of gloves
Will    +....                    e - +2 pair of boots
Stlth   ..........               s - amulet of reflection
HPRegen 0.29/turn                a - ring "Dent" {+Blink rF+ rC- Str+6 Slay+5}
MPRegen 0.19/turn                r - ring of Osipti Kyse {rF+ AC+4}

@: about to teleport, heroic, flying, mesmerised
A: sickness immunity, AC +13, big wings, negative energy resistance 1,
electricity resistance, torment resistance 1, petrification resistance
}: 1/15 runes: gossamer
a: Renounce Religion, Evoke Blink, Heroism, Finesse, Duel


You were on level 1 of the Vaults.
You worshipped Okawaru.
Okawaru was extremely pleased with you.
You visited 7 branches of the dungeon, and saw 31 of its levels.
You also visited: Gauntlet.

You collected 2963 gold pieces.
You spent 2123 gold pieces at shops.


Innate Abilities, Weirdness & Mutations

You are immune to sickness and miasma.
Your stone body is resilient. (AC +13)
You are immune to poison.
Your large and strong wings let you fly.
You resist negative energy. (rN+)
You are resistant to electric shocks. (rElec)
You are resistant to unholy torment.
You are immune to petrification.


   Skills:
 + Level 14.0(19.0) Fighting
 - Level 18.0(23.0) Axes
 - Level 8.0(13.0) Throwing
 - Level 14.0(19.0) Armour
 - Level 4.1(9.1) Dodging
 - Level 18.0(23.0) Shields
 - Level 10.0 Invocations


You had 17 spell levels left.
You didn't know any spells.
Your spell library was empty.

Inventory:

Hand Weapons
 g - the +14 obsidian axe (weapon) {vorpal, Mesm Drain Fly SInv}
   (Okawaru gifted it to you on level 5 of the Lair of Beasts)

   It inflicts extra damage upon your enemies.
   It occasionally summons demons to assist the wielder when it strikes in
   combat.
   Its wielder is mesmerised by any visible foes.
   It cannot be unequipped while any foes are visible.
   SInv:      It lets you see invisible.
   Fly:       It grants you flight.
   Drain:     It drains your maximum health when unequipped.
 B - the +5 broad axe of Day {speed, rElec Str-3 Dex+3}
   (Okawaru gifted it to you on level 5 of the Lair of Beasts)

   Attacks with this weapon are significantly faster.
   Str:       It affects your strength (-3).
   Dex:       It affects your dexterity (+3).
   rElec:     It insulates you from electricity.
 E - the +6 broad axe "Ricoreh" {protect, Fragile Fly rC+ Str+7}
   (Okawaru gifted it to you on level 15 of the Dungeon)

   It grants its wielder temporary protection when it strikes (+7 to AC).
   Str:       It affects your strength (+7).
   rC:        It protects you from cold.
   Fly:       It grants you flight.
   Fragile:   It will be destroyed if unequipped.
Missiles
 n - 14 boomerangs
 p - a boomerang of dispersal
 q - 3 javelins (quivered)
 L - a silver javelin
Armour
 b - +0 acid dragon scales
 e - a +2 pair of boots (worn)
 f - the +1 helmet "Veunius" (worn) {Rampage rElec rC++ Stlth-}
   (Okawaru gifted it to you on level 2 of the Lair of Beasts)

   rC:        It greatly protects you from cold.
   rElec:     It insulates you from electricity.
   Rampage:   It bestows one free step when moving towards enemies.
   Stlth:     It makes you less stealthy.
 k - the +2 helmet "Kaklos" {rElec rCorr Stlth+}
   (Okawaru gifted it to you on level 1 of the Spider Nest)

   rElec:     It insulates you from electricity.
   rCorr:     It protects you from acid and corrosion.
   Stlth:     It makes you more stealthy.
 o - a +2 pair of gloves (worn)
 C - the +2 cloak of Awe (worn) {rElec rC+ Str+4}
   (You found it in a Gauntlet)

   Str:       It affects your strength (+4).
   rC:        It protects you from cold.
   rElec:     It insulates you from electricity.
 D - a +5 plate armour of poison resistance (worn)
 G - the +2 helmet "Bugecre" {Str+4}
   (You found it on level 13 of the Dungeon)

   Str:       It affects your strength (+4).
 H - a +0 tower shield (worn)
Jewellery
 a - the ring "Dent" (left hand) {+Blink rF+ rC- Str+6 Slay+5}
   (You acquired it on level 1 of the Dungeon)

   [ring of strength]

   Str:       It affects your strength (+6).
   Slay:      It affects your accuracy & damage with ranged weapons and melee
   (+5).
   rF:        It protects you from fire.
   rC:        It makes you vulnerable to cold.
   +Blink:    It lets you blink.
 c - a +4 ring of evasion
 r - the ring of Osipti Kyse (right hand) {rF+ AC+4}
   (You acquired it on level 14 of the Dungeon)

   [ring of protection]

   AC:        It affects your AC (+4).
   rF:        It protects you from fire.
 s - an amulet of reflection (around neck)
 z - a ring of protection from cold
 J - a ring of protection from cold
Scrolls
 j - 19 scrolls of identify
 m - 8 scrolls of teleportation
 x - 2 scrolls of brand weapon
Potions
 d - 8 potions of might
 h - 6 potions of haste
 i - 2 potions of heal wounds
 l - 13 potions of curing
 t - a potion of resistance
 u - 6 potions of mutation
 v - 3 potions of lignification
 w - 6 potions of cancellation
 A - 8 potions of attraction
 K - a potion of magic

Dungeon Overview and Level Annotations

Branches:
Dungeon (15/15)            Temple (1/1) D:6            Lair (5/5) D:11
  Swamp (3/4) Lair:3       Spider (4/4) Lair:2        Slime (0/5) Lair:5
    Orc (2/2) D:11            Elf (0/3) Orc:2        Vaults (1/5) D:13
 Depths (0/4) D:15        Gauntlet (visited)

Altars:
Ashenzari
Cheibriados
Dithmenos
Elyvilon
Fedhas
Gozag
Hepliaklqana
Kikubaaqudgha
Makhleb
Nemelex Xobeh
Okawaru
Qazlal
Ru
Sif Muna
Trog
Uskayaw
Vehumet
Wu Jian
Xom
Yredelemnul
Zin
The Shining One
Jiyva

Shops:
D:1 =:(*?   D:9 [[!   D:10 (   D:14 [   Orc:2 =((

Annotations:
D:1 1 runed translucent door
D:10 3 runed translucent doors, qw's ghost, journeyman GrFi
D:15 1 runed translucent door, qw's ghost, journeyman GrFi
Spider:4 2 transporters, Anuqaetage's ghost, adept HOFi


Message History

Two slime creatures merge to form an enormous slime creature.
You slice the enormous slime creature!!
The enormous slime creature is lightly wounded.
Two slime creatures merge to form a titanic slime creature.
You carve the titanic slime creature like a ham!!!
The titanic slime creature is moderately wounded.
You slice the titanic slime creature!!
The titanic slime creature is heavily wounded.
The titanic slime creature barely misses you.
You slice the titanic slime creature!!
The titanic slime creature is heavily wounded.
You block the titanic slime creature's attack.
You hit the titanic slime creature.
The titanic slime creature is heavily wounded.
The titanic slime creature hits you but does no damage.
You slash the titanic slime creature!
The titanic slime creature is heavily wounded.
You barely miss the titanic slime creature.
The titanic slime creature is heavily wounded.
The titanic slime creature hits you.
You slice the titanic slime creature!!
The titanic slime creature is severely wounded.
You block the titanic slime creature's attack.
You slice the titanic slime creature!!
The titanic slime creature is severely wounded.
The titanic slime creature hits you!!!
You slash the titanic slime creature!
The titanic slime creature is almost dead.
You completely miss the titanic slime creature.
The titanic slime creature is almost dead.
The titanic slime creature hits you!!!
30752 ||| READING 9 scrolls of teleportation.
As you read the scroll of teleportation, it crumbles to dust.
You feel strangely unstable.
You block the titanic slime creature's attack.
30753 ||| DRINKING 3 potions of heal wounds.
You feel much better. The titanic slime creature hits you!!!
Ouch! That really hurt!
You die...

............. #####
........... ####.(.###
......... #.........
....... #.#.....#. .....
#.#######. .J.
#.#.....#. #J#
#......... ####@###
####...### ##.#...#.##
####'##### ##.........#
#......#.)
#...#...#...##......'.)
##.###.###.###....).#))
##...#...#..?##...)\)#..
+.............'...)).#..
##...#...#...##......#..
##.###.###.##########..


You could see a titanic slime creature (mesmerising) and a slime creature.

Vanquished Creatures
  Arachne (Spider:4)
  Agnes (D:14)
  Kirke (Spider:1)
  Donald (Vaults:1)
  Roxanne (D:15)
  5 emperor scorpions
  Louise (Spider:4)
  A vault warden (Vaults:1)
  7 ghost moths
  A stone giant (D:15)
  A broodmother (Spider:4)
  An ironbound thunderhulk (Vaults:1)
  4 eleionomae
  A minotaur (Gauntlet)
  3 spark wasps
  A blizzard demon (Gauntlet)
  6 entropy weavers
  A shambling mangrove (Swamp:3)
  Josephine (D:14)
  7 hydras
  2 ghost crabs
  4 vault guards
  Harold (D:9)
  9 centaur warriors
  2 ogre magi (D:15)
  5 jorogumos
  5 boulder beetles
  A catoblepas (Lair:5)
  3 radroaches
  5 alligators
  19 two-headed ogres
  An orc high priest (Orc:2)
  Sonja (Lair:1)
  A spriggan berserker (Swamp:1)
  2 goliath frogs (Swamp:2)
  2 sixfirhies (Gauntlet)
  3 pharaoh ants
  4 skeletal warriors (D:13)
  15 orb spiders
  3 spriggan druids
  4 steelbarb worms
  A wizard (D:13)
  4 bog bodies
  A swamp dragon (Swamp:2)
  4 deep elf pyromancers
  An orc knight (Orc:1)
  2 necromancers (D:13)
  9 orc sorcerers
  4 cyclopes
  28 wolf spiders
  A manticore (D:14)
  8 moths of wrath
  3 will-o-the-wisps
  9 elephants
  Maurice (D:11)
  A rust devil (Gauntlet)
  11 ugly things
  3 black mambas
  A gargoyle (D:14)
  7 cane toads
  9 torpor snails
  11 demonic crawlers
  6 rime drakes
  7 komodo dragons
  A tengu conjurer (D:14)
  3 bloated husks
  2 ice devils (Gauntlet)
  5 tyrant leeches
  3 polar bears
  12 meliai
  11 hornets
  5 trolls
  2 slime creatures (D:12)
  49 tarantellas
  6 dream sheep
  12 blink frogs
  27 culicivoras
  22 jumping spiders
  7 wraiths
  A ynoxinul (Gauntlet)
  3 shadows
  7 fire bats (Lair:5)
  5 wyverns
  2 vampires
  16 spriggans
  24 yaks
  6 basilisks
  18 humans (D:13)
  3 hogs (Spider:1)
  4 steam dragons
  23 vampire mosquitoes
  51 redbacks
  7 wargs
  Duvessa (D:7)
  12 swamp worms
  11 water moccasins
  2 acid dragons
  2 swamp drakes
  5 black bears
  12 orc warriors
  An ice beast (D:7)
  A sky beast (D:7)
  5 ogres
  3 boggarts (Lair:5)
  34 wolves
  18 centaurs
  A phantom (D:6)
  A kobold brigand (D:7)
  11 bullfrogs
  2 scorpions
  A necrophage (D:6)
  A gnoll sergeant (D:9)
  3 wights (D:9)
  Dowan (D:7)
  5 killer bees
  2 howler monkeys
  7 electric eels
  3 hounds (D:5)
  2 jellies
  4 iron imps (Gauntlet)
  9 orc priests
  An iguana (D:4)
  36 orc wizards
  5 hell rats (Lair:5)
  3 gnolls (D:9)
  5 adders
  7 white imps
  2 ufetubi
  A worm (D:4)
  A dart slug (D:5)
  56 orcs
  7 bats
  4 endoplasms
  5 giant cockroaches
  8 goblins
  5 hobgoblins
  5 jackals
  A quokka (D:3)
  6 ball pythons
  A frilled lizard (D:1)
  17 kobolds
  6 rats
949 creatures vanquished.

Vanquished Creatures (others)
  An eleionoma (Swamp:2)
  A torpor snail (Spider:2)
  A bloated husk (Swamp:2)
  A vampire mosquito (Swamp:2)
  A swamp drake (Swamp:1)
  An orc wizard (Orc:2)
  4 foxfires (Swamp:3)
  13 fungi
  33 plants
  2 withered plants (D:15)
58 creatures vanquished.

Grand Total: 1007 creatures vanquished

Notes
Turn   | Place    | Note
-------+----------+-------------------------------------------
     0 | D:1      | qw the Gargoyle Fighter began the quest for the Orb.
     0 | D:1      | Reached XP level 1. HP: 14/14 MP: 1/1
     0 | D:1      | Noticed a jelly
     0 | D:1      | Noticed a jelly
     0 | D:1      | 0 ||| qw: Version: 0.2-a-12-gaebbb33
     0 | D:1      | 0 ||| qw: Game counter: 1258
     0 | D:1      | 0 ||| qw: Always use a shield: true
     0 | D:1      | 0 ||| qw: God list: Okawaru
     0 | D:1      | 0 ||| qw: Allow faded altars: false
     0 | D:1      | 0 ||| qw: Do Orc after D:15 true
     0 | D:1      | 0 ||| qw: Do second Lair branch before Depths: true
     0 | D:1      | 0 ||| qw: Lair rune preference: random
     0 | D:1      | 0 ||| qw: Plans: Normal, Zot:1-4, God:TSO, Crypt, Tomb,
                  | Pan, Slime:5, Hells, Abyss, Orb
     0 | D:1      | 0 ||| PLANNING D:1-11
     3 | D:1      | Found a runed translucent door.
     3 | D:1      | Noticed a jelly
    33 | D:1      | Found Wuntirui's Magic Scroll Emporium.
    74 | D:1      | 74 ||| SHOPLISTING scroll of enchant weapon (75 gold, have
                  | 7).
    74 | D:1      | 74 ||| SHOPLISTING scroll of identify (20 gold, have 7).
    74 | D:1      | 74 ||| SHOPLISTING scroll of teleportation (30 gold, have
                  | 7).
   162 | D:1      | 162 ||| Stepping ~*~*~tactically~*~*~ (stealth).
   163 | D:1      | 163 ||| Stepping ~*~*~tactically~*~*~ (stealth).
   170 | D:1      | Reached XP level 2. HP: 19/19 MP: 2/2
   250 | D:1      | Found Pummid's Assorted Antiques.
   258 | D:1      | 258 ||| BUYING 2 blue potions (54 gold).
   258 | D:1      | Bought 2 blue potions for 54 gold pieces
   258 | D:1      | 258 ||| SHOPLISTING embroidered scarf (240 gold, have 1).
   258 | D:1      | 258 ||| SHOPLISTING fuming blue potion (27 gold, have 1).
   258 | D:1      | 258 ||| SHOPLISTING scroll labelled CYG KUOFUOHA (30 gold,
                  | have 1).
   258 | D:1      | 258 ||| SHOPLISTING scroll labelled HOEMAV BEIRHA (30 gold,
                  | have 1).
   274 | D:1      | Found Herhill's Book Boutique.
   361 | D:1      | Found Adaestraiho's Weapon Shoppe.
   461 | D:1      | Reached skill level 3 in Axes
   464 | D:1      | 464 ||| UPGRADING to +0 pair of boots.
   470 | D:1      | 470 ||| UPGRADING to +0 cloak.
   479 | D:1      | 479 ||| READING scroll labelled QEGEZO GUHEFFU.
   479 | D:1      | Identified a scroll of acquirement
   479 | D:1      | 479 ||| ACQUIRING ring "Dent" {+Blink rF+ rC- Str+6 Slay+5}
   479 | D:1      | Acquired the ring "Dent" {+Blink rF+ rC- Str+6 Slay+5}
   483 | D:1      | 483 ||| UPGRADING to ring "Dent" {+Blink rF+ rC- Str+6
                  | Slay+5}.
   501 | D:1      | Reached XP level 3. HP: 23/23 MP: 3/3
   628 | D:1      | Found Sankey's Jewellery Emporium.
   637 | D:1      | 637 ||| SHOPLISTING +6 ring of dexterity (396 gold, have
                  | 29).
   637 | D:1      | 637 ||| SHOPLISTING amulet of reflection (330 gold, have
                  | 29).
   637 | D:1      | 637 ||| SHOPLISTING ring of fire (275 gold, have 29).
   637 | D:1      | 637 ||| SHOPLISTING ring of ice (275 gold, have 29).
   637 | D:1      | 637 ||| SHOPLISTING ring of protection from fire (275 gold,
                  | have 29).
   637 | D:1      | 637 ||| SHOPLISTING ring of resist corrosion (220 gold,
                  | have 29).
   637 | D:1      | 637 ||| SHOPLISTING ring of willpower (275 gold, have 29).
   680 | D:1      | Found a faded altar of an unknown god.
   744 | D:1      | 744 ||| READING scroll labelled CYG KUOFUOHA.
   745 | D:1      | 745 ||| READING 2 scrolls labelled NIABAMO TIMUBA.
   746 | D:1      | 746 ||| READING scroll labelled JEAHOA VINONO.
   747 | D:1      | 747 ||| DRINKING 2 blue potions.
   748 | D:1      | 748 ||| DRINKING 2 yellow potions.
   754 | D:2      | 754 ||| STAIRDANCE
  1136 | D:2      | 1136 ||| Stepping ~*~*~tactically~*~*~ (stealth).
  1323 | D:2      | 1323 ||| UPGRADING to ring of ice.
  1324 | D:2      | 1324 ||| DRINKING 2 lumpy dark potions.
  1325 | D:2      | 1325 ||| READING 2 scrolls of identify.
  1325 | D:2      | 1325 ||| IDENTIFYING viscous blue potion
  1326 | D:2      | 1326 ||| DROPPING potion of flight.
  1386 | D:3      | Reached XP level 4. HP: 28/28 MP: 4/4
  1446 | D:3      | 1446 ||| Stepping ~*~*~tactically~*~*~ (stealth).
  1814 | D:3      | 1814 ||| READING 2 scrolls labelled SOMYPALEMM.
  1817 | D:3      | 1817 ||| READING scroll labelled OKOUGI ETYNOQO.
  1818 | D:3      | 1818 ||| READING scroll labelled DAIF HEODO.
  1819 | D:3      | 1819 ||| DRINKING 2 black potions.
  1842 | D:4      | 1842 ||| STAIRDANCE
  1973 | D:4      | Noticed an angel
  1974 | D:4      | Found a glowing silver altar of Zin.
  1994 | D:4      | Noticed a black bear
  2001 | D:4      | Killed a black bear
  2002 | D:4      | Reached XP level 5. HP: 14/32 MP: 5/5
  2248 | D:4      | 2248 ||| READING scroll of enchant weapon.
  2248 | D:4      | 2248 ||| ENCHANTING +1 war axe.
  2349 | D:4      | Reached skill level 1 in Dodging
  2476 | D:4      | Found a shimmering blue altar of Sif Muna.
  2481 | D:4      | Reached XP level 6. HP: 37/38 MP: 6/6
  2482 | D:4      | 2482 ||| DRINKING 3 potions of curing.
  2482 | D:4      | 2482 ||| (to cure confusion)
  2869 | D:4      | 2869 ||| READING scroll labelled MUSYCES UREUPP.
  2870 | D:4      | 2870 ||| READING 2 scrolls labelled ZIEDAG QOMIA.
  2871 | D:4      | 2871 ||| DROPPING scroll of fear.
  2901 | D:5      | Entered Level 5 of the Dungeon
  3256 | D:5      | 3256 ||| Stepping ~*~*~tactically~*~*~ (hiding).
  3410 | D:5      | 3410 ||| Stepping ~*~*~tactically~*~*~ (hiding).
  3411 | D:5      | 3411 ||| Stepping ~*~*~tactically~*~*~ (hiding).
  3707 | D:5      | 3707 ||| UPGRADING to +1 pair of gloves.
  3751 | D:6      | 3751 ||| FLEEEEING.
  3752 | D:6      | 3752 ||| FLEEEEING.
  3753 | D:6      | 3753 ||| FLEEEEING.
  3754 | D:6      | 3754 ||| STAIRDANCE
  3806 | D:6      | 3806 ||| STAIRDANCE
  3839 | D:6      | 3839 ||| STAIRDANCE
  3913 | D:6      | 3913 ||| STAIRDANCE
  3950 | D:6      | Reached skill level 6 in Axes
  3950 | D:6      | Reached XP level 7. HP: 35/43 MP: 7/7
  4089 | D:6      | Noticed a +0 short sword
  4270 | D:6      | 4270 ||| Stepping ~*~*~tactically~*~*~ (stealth).
  4274 | D:6      | 4274 ||| Stepping ~*~*~tactically~*~*~ (stealth).
  4275 | D:6      | 4275 ||| Stepping ~*~*~tactically~*~*~ (stealth).
  4276 | D:6      | 4276 ||| Stepping ~*~*~tactically~*~*~ (stealth).
  4277 | D:6      | 4277 ||| Stepping ~*~*~tactically~*~*~ (stealth).
  4478 | D:6      | Found a staircase to the Ecumenical Temple.
  4479 | D:6      | 4479 ||| PLANNING TEMPLE
  4479 | D:6      | 4479 ||| UPGRADING to +0 chain mail.
  4489 | D:6      | 4489 ||| DROPPING +0 scale mail.
  4498 | Temple   | Entered the Ecumenical Temple
  4636 | Temple   | 4636 ||| PLANNING OKAWARU WORSHIP
  4722 | Temple   | Became a worshipper of Warmaster Okawaru
  4723 | Temple   | 4723 ||| PLANNING D:1-11
  4793 | D:6      | Noticed a +0 spear
  4793 | D:6      | Noticed a +0 dagger
  4794 | D:6      | Noticed a +0 dagger
  4795 | D:6      | Noticed a +0 spear
  4795 | D:6      | Noticed a +0 short sword
  4796 | D:6      | Noticed a +0 falchion
  4797 | D:6      | Noticed a +0 falchion
  4801 | D:6      | Found a hide-covered altar of Uskayaw.
  5020 | D:6      | Reached XP level 8. HP: 43/49 MP: 8/8
  5182 | D:6      | 5182 ||| READING scroll of enchant weapon.
  5182 | D:6      | 5182 ||| ENCHANTING +2 war axe.
  5460 | D:6      | 5460 ||| READING 3 scrolls of identify.
  5460 | D:6      | 5460 ||| IDENTIFYING metallic sapphire potion
  5461 | D:6      | 5461 ||| DROPPING potion of brilliance.
  5498 | D:7      | 5498 ||| STAIRDANCE
  5566 | D:7      | Reached * piety under Okawaru
  5568 | D:7      | 5568 ||| STAIRDANCE
  5648 | D:7      | Reached skill level 1 in Invocations
  5903 | D:7      | 5903 ||| Stepping ~*~*~tactically~*~*~ (hiding).
  5907 | D:7      | 5907 ||| INVOKING Heroism.
  5913 | D:7      | Reached skill level 6 in Fighting
  6054 | D:7      | Noticed Duvessa
  6055 | D:7      | 6055 ||| INVOKING Heroism.
  6056 | D:7      | Noticed Dowan
  6057 | D:7      | 6057 ||| Stepping ~*~*~tactically~*~*~ (stealth).
  6061 | D:7      | Killed Duvessa
  6062 | D:7      | Reached skill level 3 in Invocations
  6064 | D:7      | 6064 ||| Stepping ~*~*~tactically~*~*~ (hiding).
  6070 | D:7      | 6070 ||| Stepping ~*~*~tactically~*~*~ (hiding).
  6073 | D:7      | 6073 ||| INVOKING Heroism.
  6077 | D:7      | Killed Dowan
  6078 | D:7      | Reached XP level 9. HP: 52/55 MP: 8/11
  6101 | D:7      | Found a glowing golden altar of the Shining One.
  6443 | D:7      | 6443 ||| UPGRADING to amulet of reflection.
  6448 | D:7      | 6448 ||| READING scroll labelled XINIVE IDIA.
  6449 | D:7      | 6449 ||| READING scroll labelled ADWENY QUESHRUH.
  6450 | D:7      | 6450 ||| DROPPING +0 flail.
  6451 | D:7      | 6451 ||| READING scroll labelled VEUDDE SYITA.
  6452 | D:7      | 6452 ||| READING 3 scrolls of identify.
  6452 | D:7      | 6452 ||| IDENTIFYING silvery potion
  6453 | D:7      | 6453 ||| READING 2 scrolls of identify.
  6453 | D:7      | 6453 ||| IDENTIFYING bubbling ruby potion
  6495 | D:8      | 6495 ||| STAIRDANCE
  6502 | D:8      | 6502 ||| STAIRDANCE
  6504 | D:7      | 6504 ||| INVOKING Heroism.
  6541 | D:8      | Found a stormy altar of Qazlal.
  6566 | D:8      | 6566 ||| Stepping ~*~*~tactically~*~*~ (hiding).
  6570 | D:8      | 6570 ||| INVOKING Heroism.
  6669 | D:8      | Reached skill level 9 in Axes
  6706 | D:8      | 6706 ||| INVOKING Heroism.
  6859 | D:8      | 6859 ||| Stepping ~*~*~tactically~*~*~ (hiding).
  6868 | D:8      | 6868 ||| Stepping ~*~*~tactically~*~*~ (stealth).
  6871 | D:8      | 6871 ||| Stepping ~*~*~tactically~*~*~ (stealth).
  6873 | D:8      | 6873 ||| Stepping ~*~*~tactically~*~*~ (hiding).
  6880 | D:8      | 6880 ||| DRINKING 3 potions of curing.
  6880 | D:8      | 6880 ||| (to cure confusion)
  6883 | D:8      | Reached ** piety under Okawaru
  7372 | D:8      | Found an opulent altar of Gozag.
  7563 | D:8      | 7563 ||| READING scroll labelled HOEMAV BEIRHA.
  7564 | D:8      | 7564 ||| READING scroll labelled ISHUSE QACA.
  7565 | D:8      | 7565 ||| READING scroll labelled RENUTH BOIT.
  7566 | D:8      | 7566 ||| READING 2 scrolls of identify.
  7566 | D:8      | 7566 ||| IDENTIFYING fuming blue potion
  7649 | D:9      | Noticed a komodo dragon
  7652 | D:9      | 7652 ||| INVOKING Heroism.
  7654 | D:9      | Killed a komodo dragon
  7673 | D:9      | 7673 ||| Stepping ~*~*~tactically~*~*~ (hiding).
  7678 | D:9      | 7678 ||| INVOKING Heroism.
  7701 | D:9      | 7701 ||| FLEEEEING.
  7702 | D:9      | 7702 ||| FLEEEEING.
  7703 | D:9      | 7703 ||| FLEEEEING.
  7704 | D:9      | 7704 ||| FLEEEEING.
  7705 | D:9      | 7705 ||| FLEEEEING.
  7706 | D:9      | 7706 ||| FLEEEEING.
  7707 | D:9      | 7707 ||| FLEEEEING.
  7710 | D:9      | 7710 ||| STAIRDANCE
  7857 | D:9      | 7857 ||| INVOKING Heroism.
  7899 | D:9      | 7899 ||| INVOKING Heroism.
  7901 | D:9      | 7901 ||| Stepping ~*~*~tactically~*~*~ (cloud).
  7910 | D:9      | 7910 ||| FLEEEEING.
  7917 | D:9      | 7917 ||| FLEEEEING.
  7918 | D:9      | 7918 ||| FLEEEEING.
  7924 | D:9      | 7924 ||| STAIRDANCE
  8067 | D:8      | 8067 ||| READING scroll labelled UDEEG YCSAXT.
  8096 | D:9      | Reached XP level 10. HP: 60/63 MP: 13/13
  8159 | D:9      | Found Terchal's Distillery.
  8161 | D:9      | Found Xieqinusm's Armour Shoppe.
  8163 | D:9      | Found Butuog's Armour Emporium.
  8201 | D:9      | 8201 ||| BUYING +0 helmet (67 gold).
  8201 | D:9      | Bought a +0 helmet for 67 gold pieces
  8203 | D:9      | 8203 ||| BUYING scarf of repulsion (132 gold).
  8203 | D:9      | Bought a scarf of repulsion for 132 gold pieces
  8205 | D:9      | 8205 ||| BUYING potion of attraction (42 gold).
  8205 | D:9      | Bought a potion of attraction for 42 gold pieces
  8205 | D:9      | 8205 ||| BUYING potion of cancellation (112 gold).
  8205 | D:9      | Bought a potion of cancellation for 112 gold pieces
  8205 | D:9      | 8205 ||| BUYING potion of haste (140 gold).
  8205 | D:9      | Bought a potion of haste for 140 gold pieces
  8205 | D:9      | 8205 ||| SHOPLISTING potion of magic (112 gold, have 21).
  8205 | D:9      | 8205 ||| SHOPLISTING potion of might (56 gold, have 21).
  8205 | D:9      | 8205 ||| SHOPLISTING potion of resistance (140 gold, have
                  | 21).
  8236 | D:9      | Found an ancient bone altar of Kikubaaqudgha.
  8258 | D:9      | 8258 ||| INVOKING Heroism.
  8264 | D:9      | Reached skill level 1 in Throwing
  8430 | D:9      | Noticed Harold
  8431 | D:9      | 8431 ||| INVOKING Heroism.
  8439 | D:9      | Killed Harold
  8439 | D:9      | Reached *** piety under Okawaru
  8615 | D:9      | 8615 ||| READING 3 scrolls of enchant armour.
  8615 | D:9      | 8615 ||| ENCHANTING +1 pair of gloves.
  8616 | D:9      | 8616 ||| READING 2 scrolls of enchant armour.
  8616 | D:9      | 8616 ||| ENCHANTING +0 pair of boots.
  8617 | D:9      | 8617 ||| READING scroll of enchant armour.
  8617 | D:9      | 8617 ||| ENCHANTING +1 pair of boots.
  8693 | D:9      | 8693 ||| UPGRADING to +0 plate armour.
  8703 | D:9      | 8703 ||| DROPPING +0 chain mail.
  8704 | D:9      | 8704 ||| UPGRADING to +0 helmet.
  8709 | D:9      | 8709 ||| UPGRADING to scarf of repulsion.
  8739 | D:10     | Entered Level 10 of the Dungeon
  8795 | D:10     | 8795 ||| Stepping ~*~*~tactically~*~*~ (hiding).
  8797 | D:10     | 8797 ||| Stepping ~*~*~tactically~*~*~ (hiding).
  8905 | D:10     | 8905 ||| READING scroll of enchant armour.
  8905 | D:10     | 8905 ||| ENCHANTING +0 helmet.
  8993 | D:10     | 8993 ||| INVOKING Heroism.
  9011 | D:10     | 9011 ||| INVOKING Heroism.
  9059 | D:10     | Noticed a two-headed ogre
  9060 | D:10     | 9060 ||| INVOKING Heroism.
  9062 | D:10     | 9062 ||| Stepping ~*~*~tactically~*~*~ (stealth).
  9068 | D:10     | Killed a two-headed ogre
  9101 | D:10     | Found Dinuevaa's Weapon Shop.
  9199 | D:10     | Noticed a two-headed ogre
  9200 | D:10     | 9200 ||| INVOKING Heroism.
  9204 | D:10     | Killed a two-headed ogre
  9204 | D:10     | Received a gift from Okawaru
  9205 | D:10     | Reached skill level 6 in Shields
  9442 | D:10     | Found a runed translucent gate.
  9451 | D:10     | 9451 ||| INVOKING Heroism.
  9594 | D:10     | Found a runed translucent gate.
  9594 | D:10     | Found a runed translucent gate.
  9632 | D:10     | Noticed a spectral centaur warrior
  9636 | D:10     | Noticed qw's ghost (journeyman GrFi)
  9817 | D:10     | 9817 ||| UPGRADING to ring of protection from cold.
  9819 | D:10     | 9819 ||| DROPPING ring of ice.
  9917 | D:11     | 9917 ||| Stepping ~*~*~tactically~*~*~ (stealth).
  9920 | D:11     | 9920 ||| Stepping ~*~*~tactically~*~*~ (stealth).
  9929 | D:11     | Reached **** piety under Okawaru
  9930 | D:11     | Reached XP level 11. HP: 69/69 MP: 14/14
  9934 | D:11     | Noticed a two-headed ogre
  9935 | D:11     | 9935 ||| INVOKING Heroism.
  9940 | D:11     | Killed a two-headed ogre
  9983 | D:11     | Found a staircase to the Orcish Mines.
 10093 | D:11     | Found a staircase to the Lair.
 10142 | D:11     | Noticed Maurice
 10151 | D:11     | Killed Maurice
 10528 | D:11     | 10528 ||| PLANNING LAIR
 10528 | D:11     | 10528 ||| DROPPING +0 cloak.
 10529 | D:11     | 10529 ||| READING 3 scrolls of identify.
 10529 | D:11     | 10529 ||| IDENTIFYING clear potion
 10530 | D:11     | 10530 ||| DROPPING potion of berserk rage.
 10562 | Lair:1   | Entered Level 1 of the Lair of Beasts
 10575 | Lair:1   | 10575 ||| INVOKING Heroism.
 10577 | Lair:1   | Reached skill level 6 in Invocations
 10611 | Lair:1   | 10611 ||| Stepping ~*~*~tactically~*~*~ (stealth).
 10615 | Lair:1   | Reached ***** piety under Okawaru
 10615 | Lair:1   | Received a gift from Okawaru
 10618 | Lair:1   | 10618 ||| INVOKING Heroism.
 10622 | Lair:1   | Reached skill level 9 in Fighting
 10642 | Lair:1   | HP: 12/71 [cane toad (17)]
 10643 | Lair:1   | 10643 ||| READING 7 scrolls of teleportation.
 10644 | Lair:1   | 10644 ||| DRINKING potion of heal wounds.
 10902 | Lair:1   | 10902 ||| INVOKING Heroism.
 11048 | Lair:1   | 11048 ||| READING scroll of enchant armour.
 11048 | Lair:1   | 11048 ||| ENCHANTING +1 helmet.
 11083 | Lair:1   | 11083 ||| INVOKING Heroism.
 11140 | Lair:1   | Noticed Sonja
 11141 | Lair:1   | 11141 ||| INVOKING Finesse.
 11146 | Lair:1   | 11146 ||| INVOKING Heroism.
 11177 | Lair:1   | 11177 ||| INVOKING Finesse.
 11182 | Lair:1   | Killed Sonja
 11182 | Lair:1   | Received a gift from Okawaru
 11376 | Lair:1   | 11376 ||| INVOKING Heroism.
 11385 | Lair:1   | Reached XP level 12. HP: 76/76 MP: 16/18
 11598 | Lair:1   | 11598 ||| UPGRADING to ring of see invisible.
 11600 | Lair:1   | 11600 ||| READING 3 scrolls of identify.
 11600 | Lair:1   | 11600 ||| IDENTIFYING murky green potion
 11601 | Lair:1   | 11601 ||| DROPPING potion of degeneration.
 11637 | Lair:2   | 11637 ||| PLANNING GAUNTLET
 11648 | Lair:2   | 11648 ||| FLEEEEING.
 11649 | Lair:2   | 11649 ||| FLEEEEING.
 11650 | Lair:2   | 11650 ||| FLEEEEING.
 11651 | Lair:2   | 11651 ||| STAIRDANCE
 11702 | Lair:2   | 11702 ||| STAIRDANCE
 11707 | Lair:1   | Received a gift from Okawaru
 11711 | Lair:2   | 11711 ||| INVOKING Heroism.
 11719 | Lair:2   | Reached skill level 9 in Invocations
 11770 | Lair:2   | 11770 ||| READING scroll of enchant armour.
 11770 | Lair:2   | 11770 ||| ENCHANTING +0 plate armour.
 11772 | Lair:2   | 11772 ||| Stepping ~*~*~tactically~*~*~ (hiding).
 11804 | Lair:2   | Identified the +1 helmet "Veunius" {Rampage rElec rC++
                  | Stlth-} (Okawaru gifted it to you on level 2 of the Lair of
                  | Beasts)
 11804 | Lair:2   | Received a gift from Okawaru
 11910 | Lair:2   | Reached skill level 3 in Throwing
 11915 | Lair:2   | Reached skill level 12 in Axes
 11990 | Lair:2   | 11990 ||| INVOKING Heroism.
 11993 | Lair:2   | 11993 ||| Stepping ~*~*~tactically~*~*~ (stealth).
 11995 | Lair:2   | 11995 ||| Stepping ~*~*~tactically~*~*~ (stealth).
 11997 | Lair:2   | 11997 ||| Stepping ~*~*~tactically~*~*~ (stealth).
 12028 | Lair:2   | Found a gate leading to a gauntlet.
 12029 | Lair:2   | 12029 ||| UPGRADING to +1 helmet "Veunius" {Rampage rElec
                  | rC++ Stlth-}.
 12047 | Gauntlet | Entered a Gauntlet
 12047 | Gauntlet | Found a transporter.
 12056 | Gauntlet | Found a transporter.
 12059 | Gauntlet | Found a transporter.
 12060 | Gauntlet | Found a transporter.
 12066 | Gauntlet | Found a runed translucent gate.
 12066 | Gauntlet | Found a runed translucent gate.
 12066 | Gauntlet | Found a runed translucent gate.
 12068 | Gauntlet | Found a transporter.
 12071 | Gauntlet | Found a transporter.
 12072 | Gauntlet | Found a transporter.
 12084 | Gauntlet | Found a transporter.
 12085 | Gauntlet | Found a transporter.
 12085 | Gauntlet | Found a transporter.
 12090 | Gauntlet | Noticed a blizzard demon
 12093 | Gauntlet | Found a transporter.
 12096 | Gauntlet | Found a transporter.
 12097 | Gauntlet | Found a transporter.
 12105 | Gauntlet | Found a transporter.
 12186 | Gauntlet | 12186 ||| INVOKING Heroism.
 12429 | Gauntlet | 12429 ||| INVOKING Heroism.
 12502 | Gauntlet | Reached skill level 9 in Armour
 12503 | Gauntlet | 12503 ||| INVOKING Heroism.
 12511 | Gauntlet | Killed a blizzard demon
 12514 | Gauntlet | 12514 ||| Stepping ~*~*~tactically~*~*~ (cloud).
 12748 | Gauntlet | Identified the +2 cloak of Awe {rElec rC+ Str+4}
 12750 | Gauntlet | 12750 ||| DROPPING +2 cloak.
 12751 | Gauntlet | 12751 ||| UPGRADING to +2 cloak of Awe {rElec rC+ Str+4}.
 12761 | Gauntlet | 12761 ||| DROPPING scarf of repulsion.
 12775 | Gauntlet | Found the +5 robe of Night {Dark Will+ SInv}
 12775 | Gauntlet | Noticed a minotaur
 12776 | Gauntlet | 12776 ||| INVOKING Heroism.
 12777 | Gauntlet | 12777 ||| INVOKING Finesse.
 12785 | Gauntlet | Killed a minotaur
 12894 | Lair:2   | 12894 ||| PLANNING LAIR
 13016 | Lair:2   | 13016 ||| INVOKING Heroism.
 13030 | Lair:2   | 13030 ||| INVOKING Heroism.
 13096 | Lair:2   | Found a hole to the Spider Nest.
 13230 | Lair:2   | 13230 ||| READING 4 scrolls of identify.
 13230 | Lair:2   | 13230 ||| IDENTIFYING green potion
 13231 | Lair:2   | 13231 ||| DROPPING potion of invisibility.
 13392 | Lair:3   | Found a staircase to the Swamp.
 13691 | Lair:3   | 13691 ||| INVOKING Heroism.
 13693 | Lair:3   | 13693 ||| Stepping ~*~*~tactically~*~*~ (stealth).
 13694 | Lair:3   | 13694 ||| Stepping ~*~*~tactically~*~*~ (stealth).
 13699 | Lair:3   | Reached XP level 13. HP: 82/82 MP: 18/20
 13701 | Lair:3   | Received a gift from Okawaru
 13718 | Lair:3   | 13718 ||| Stepping ~*~*~tactically~*~*~ (stealth).
 13720 | Lair:3   | 13720 ||| Stepping ~*~*~tactically~*~*~ (stealth).
 13722 | Lair:3   | 13722 ||| DROPPING +2 war axe of pain.
 13728 | Lair:3   | Reached ****** piety under Okawaru
 13880 | Lair:3   | 13880 ||| INVOKING Heroism.
 13881 | Lair:3   | 13881 ||| INVOKING Finesse.
 14154 | Lair:4   | 14154 ||| Stepping ~*~*~tactically~*~*~ (stealth).
 14155 | Lair:4   | 14155 ||| INVOKING Heroism.
 14167 | Lair:4   | 14167 ||| Stepping ~*~*~tactically~*~*~ (stealth).
 14248 | Lair:4   | 14248 ||| INVOKING Heroism.
 14762 | Lair:4   | 14762 ||| READING scroll labelled YPROEW WUOMIL.
 14835 | Lair:4   | 14835 ||| DROPPING scroll of silence.
 14848 | Lair:5   | Entered Level 5 of the Lair of Beasts
 14898 | Lair:5   | Found a dark tunnel.
 14932 | Lair:5   | 14932 ||| Stepping ~*~*~tactically~*~*~ (hiding).
 14935 | Lair:5   | 14935 ||| Stepping ~*~*~tactically~*~*~ (hiding).
 14973 | Lair:5   | 14973 ||| INVOKING Heroism.
 14998 | Lair:5   | 14998 ||| Stepping ~*~*~tactically~*~*~ (stealth).
 15089 | Lair:5   | 15089 ||| INVOKING Heroism.
 15171 | Lair:5   | 15171 ||| INVOKING Heroism.
 15172 | Lair:5   | 15172 ||| INVOKING Finesse.
 15202 | Lair:5   | 15202 ||| INVOKING Heroism.
 15278 | Lair:5   | Found a staircase to the Slime Pits.
 15286 | Lair:5   | 15286 ||| INVOKING Heroism.
 15287 | Lair:5   | Received a gift from Okawaru
 15287 | Lair:5   | Found the +14 obsidian axe {vorpal, Mesm Drain Fly SInv}
 15332 | Lair:5   | 15332 ||| SWAPPING to +14 obsidian axe {vorpal, Mesm Drain
                  | Fly SInv}.
 15333 | Lair:5   | 15333 ||| REMOVING ring of see invisible.
 15359 | Lair:5   | Found a viscous altar of Jiyva.
 15454 | Lair:5   | 15454 ||| INVOKING Heroism.
 15483 | Lair:5   | 15483 ||| Stepping ~*~*~tactically~*~*~ (stealth).
 15484 | Lair:5   | 15484 ||| Stepping ~*~*~tactically~*~*~ (stealth).
 15526 | Lair:5   | 15526 ||| Stepping ~*~*~tactically~*~*~ (stealth).
 15549 | Lair:5   | 15549 ||| Stepping ~*~*~tactically~*~*~ (stealth).
 15589 | Lair:5   | 15589 ||| Stepping ~*~*~tactically~*~*~ (stealth).
 15595 | Lair:5   | 15595 ||| INVOKING Heroism.
 15600 | Lair:5   | Identified the +5 broad axe of Day {speed, rElec Str-3
                  | Dex+3} (Okawaru gifted it to you on level 5 of the Lair of
                  | Beasts)
 15600 | Lair:5   | Received a gift from Okawaru
 15605 | Lair:5   | 15605 ||| INVOKING Finesse.
 15620 | Lair:5   | Gained mutation: Your large and strong wings let you fly.
                  | [Gargoyle growth]
 15620 | Lair:5   | Reached XP level 14. HP: 86/90 MP: 15/21
 15672 | Lair:5   | 15672 ||| INVOKING Heroism.
 15673 | Lair:5   | 15673 ||| INVOKING Finesse.
 15680 | Lair:5   | 15680 ||| Stepping ~*~*~tactically~*~*~ (stealth).
 15684 | Lair:5   | 15684 ||| Stepping ~*~*~tactically~*~*~ (stealth).
 15704 | Lair:5   | 15704 ||| Stepping ~*~*~tactically~*~*~ (stealth).
 15705 | Lair:5   | 15705 ||| Stepping ~*~*~tactically~*~*~ (stealth).
 15743 | Lair:5   | 15743 ||| Stepping ~*~*~tactically~*~*~ (stealth).
 15747 | Lair:5   | 15747 ||| INVOKING Heroism.
 15748 | Lair:5   | 15748 ||| INVOKING Finesse.
 15826 | Lair:5   | 15826 ||| Stepping ~*~*~tactically~*~*~ (stealth).
 15845 | Lair:5   | 15845 ||| READING scroll of enchant armour.
 15845 | Lair:5   | 15845 ||| ENCHANTING +1 plate armour.
 15862 | Lair:5   | 15862 ||| INVOKING Heroism.
 15945 | Lair:5   | 15945 ||| Stepping ~*~*~tactically~*~*~ (stealth).
 15947 | Lair:5   | 15947 ||| INVOKING Heroism.
 16199 | Lair:5   | 16199 ||| Stepping ~*~*~tactically~*~*~ (stealth).
 16201 | Lair:5   | 16201 ||| Stepping ~*~*~tactically~*~*~ (stealth).
 16202 | Lair:5   | 16202 ||| Stepping ~*~*~tactically~*~*~ (stealth).
 16423 | Lair:5   | 16423 ||| PLANNING D
 16423 | Lair:5   | 16423 ||| DROPPING amulet of guardian spirit.
 16424 | Lair:5   | 16424 ||| UPGRADING to ring of protection from cold.
 16425 | Lair:5   | 16425 ||| UPGRADING to ring of willpower.
 16566 | D:12     | Reached skill level 15 in Axes
 16572 | D:12     | 16572 ||| INVOKING Heroism.
 16631 | D:12     | Reached skill level 3 in Dodging
 16632 | D:12     | Received a gift from Okawaru
 16789 | D:12     | 16789 ||| INVOKING Heroism.
 16794 | D:12     | Received a gift from Okawaru
 16918 | D:12     | 16918 ||| FLEEEEING.
 16919 | D:12     | 16919 ||| FLEEEEING.
 16924 | D:12     | 16924 ||| FLEEEEING.
 16928 | D:12     | 16928 ||| INVOKING Heroism.
 17144 | D:12     | 17144 ||| INVOKING Heroism.
 17301 | D:12     | 17301 ||| DROPPING orb of wrath.
 17353 | D:13     | 17353 ||| Stepping ~*~*~tactically~*~*~ (hiding).
 17354 | D:13     | 17354 ||| INVOKING Heroism.
 17389 | D:13     | 17389 ||| INVOKING Heroism.
 17624 | D:13     | Identified the +5 battleaxe of the Furious {spect, *Noise
                  | rElec rCorr SInv} (Okawaru gifted it to you on level 13 of
                  | the Dungeon)
 17624 | D:13     | Received a gift from Okawaru
 17641 | D:13     | 17641 ||| INVOKING Heroism.
 17646 | D:13     | Reached skill level 6 in Throwing
 17655 | D:13     | Reached skill level 12 in Fighting
 17859 | D:13     | 17859 ||| INVOKING Heroism.
 17926 | D:13     | 17926 ||| INVOKING Heroism.
 17965 | D:13     | 17965 ||| INVOKING Heroism.
 18002 | D:13     | Found a gate to the Vaults.
 18007 | D:13     | Received a gift from Okawaru
 18133 | D:13     | 18133 ||| INVOKING Heroism.
 18134 | D:13     | 18134 ||| INVOKING Finesse.
 18145 | D:13     | 18145 ||| Stepping ~*~*~tactically~*~*~ (stealth).
 18150 | D:13     | Identified the +5 hand axe of Big Damage {vorpal, Str+6}
                  | (Okawaru gifted it to you on level 13 of the Dungeon)
 18150 | D:13     | Received a gift from Okawaru
 18151 | D:13     | 18151 ||| Stepping ~*~*~tactically~*~*~ (stealth).
 18159 | D:13     | 18159 ||| Stepping ~*~*~tactically~*~*~ (hiding).
 18160 | D:13     | 18160 ||| Stepping ~*~*~tactically~*~*~ (hiding).
 18161 | D:13     | 18161 ||| INVOKING Heroism.
 18291 | D:13     | 18291 ||| Stepping ~*~*~tactically~*~*~ (hiding).
 18748 | D:13     | Identified the +2 helmet "Bugecre" {Str+4}
 18753 | D:13     | 18753 ||| DROPPING +2 helmet.
 18754 | D:13     | 18754 ||| UPGRADING to +3 plate armour of poison
                  | resistance.
 18764 | D:13     | 18764 ||| DROPPING +2 plate armour.
 18765 | D:13     | 18765 ||| DROPPING amulet of faith.
 18813 | D:14     | 18813 ||| INVOKING Heroism.
 18819 | D:14     | HP: 21/92 [two-headed ogre/+0 giant spiked club (7)]
 18820 | D:14     | 18820 ||| READING 10 scrolls of teleportation.
 18821 | D:14     | 18821 ||| DRINKING 5 potions of heal wounds.
 18823 | D:14     | 18823 ||| DRINKING 4 potions of heal wounds.
 19038 | D:14     | Noticed Josephine
 19045 | D:14     | Killed Josephine
 19051 | D:14     | Reached XP level 15. HP: 96/96 MP: 22/22
 19078 | D:14     | 19078 ||| Stepping ~*~*~tactically~*~*~ (stealth).
 19079 | D:14     | 19079 ||| Stepping ~*~*~tactically~*~*~ (stealth).
 19213 | D:14     | 19213 ||| INVOKING Heroism.
 19419 | D:14     | Found Pintaet's Antique Armour Emporium.
 19498 | D:14     | Received a gift from Okawaru
 19499 | D:14     | Reached skill level 12 in Armour
 19568 | D:14     | You are sucked into a shaft and drop 1 floor!
 19568 | D:15     | Entered Level 15 of the Dungeon
 19604 | D:15     | 19604 ||| INVOKING Heroism.
 19628 | D:15     | Noticed Roxanne
 19629 | D:15     | 19629 ||| INVOKING Finesse.
 19636 | D:15     | 19636 ||| INVOKING Heroism.
 19645 | D:15     | Killed Roxanne
 19876 | D:15     | 19876 ||| DROPPING ring of wizardry.
 19963 | D:14     | 19963 ||| READING scroll of acquirement.
 19963 | D:14     | 19963 ||| ACQUIRING ring of Osipti Kyse {rF+ AC+4}
 19963 | D:14     | Acquired the ring of Osipti Kyse {rF+ AC+4}
 19965 | D:14     | 19965 ||| UPGRADING to ring of Osipti Kyse {rF+ AC+4}.
 20114 | D:14     | Noticed Agnes
 20115 | D:14     | 20115 ||| INVOKING Heroism.
 20116 | D:14     | 20116 ||| INVOKING Finesse.
 20122 | D:14     | Killed Agnes
 20267 | D:15     | Identified the +6 scale mail of the Vaults {rElec rC-
                  | Will+++ Int+3}
 20323 | D:15     | 20323 ||| Stepping ~*~*~tactically~*~*~ (stealth).
 20323 | D:15     | Found a staircase to the Depths.
 20324 | D:15     | 20324 ||| INVOKING Heroism.
 20502 | D:15     | 20502 ||| INVOKING Heroism.
 20513 | D:15     | Identified the +6 broad axe "Ricoreh" {protect, Fragile Fly
                  | rC+ Str+7} (Okawaru gifted it to you on level 15 of the
                  | Dungeon)
 20513 | D:15     | Received a gift from Okawaru
 20684 | D:15     | 20684 ||| INVOKING Heroism.
 20810 | D:15     | Found a runed translucent door.
 20810 | D:15     | Noticed qw's ghost (journeyman GrFi)
 20831 | D:15     | 20831 ||| INVOKING Heroism.
 21003 | D:15     | 21003 ||| PLANNING ORC
 21003 | D:15     | 21003 ||| UPGRADING to +0 tower shield.
 21013 | D:15     | 21013 ||| DROPPING +0 buckler.
 21111 | Orc:1    | Entered Level 1 of the Orcish Mines
 21217 | Orc:1    | You are sucked into a shaft and drop 1 floor!
 21217 | Orc:2    | Entered Level 2 of the Orcish Mines
 21231 | Orc:2    | Identified the -2 cloak of Terror {rPois rN+++ Will- Int-2}
                  | (Okawaru gifted it to you on level 2 of the Orcish Mines)
 21231 | Orc:2    | Received a gift from Okawaru
 21306 | Orc:2    | 21306 ||| DROPPING -2 cloak of Terror {rPois rN+++ Will-
                  | Int-2}.
 21571 | Orc:2    | 21571 ||| INVOKING Heroism.
 21573 | Orc:2    | Paralysed by an orc sorcerer for 5 turns
 21608 | Orc:2    | 21608 ||| INVOKING Heroism.
 21611 | Orc:2    | Paralysed by an orc sorcerer for 3 turns
 21646 | Orc:2    | 21646 ||| DRINKING 10 potions of curing.
 21646 | Orc:2    | 21646 ||| (to cure confusion)
 21649 | Orc:2    | Reached skill level 9 in Shields
 21655 | Orc:2    | 21655 ||| INVOKING Heroism.
 21672 | Orc:2    | 21672 ||| Stepping ~*~*~tactically~*~*~ (stealth).
 21678 | Orc:2    | 21678 ||| Stepping ~*~*~tactically~*~*~ (hiding).
 21685 | Orc:2    | 21685 ||| INVOKING Heroism.
 21702 | Orc:2    | Found Oloxka's Antique Weapon Shop.
 21702 | Orc:2    | Found Ogoewk's Antique Weapon Emporium.
 21763 | Orc:2    | 21763 ||| INVOKING Heroism.
 21933 | Orc:2    | Found Roapuem's Jewellery Emporium.
 21934 | Orc:2    | 21934 ||| INVOKING Heroism.
 21954 | Orc:2    | 21954 ||| BUYING +4 ring of evasion (576 gold).
 21954 | Orc:2    | Bought a +4 ring of evasion for 576 gold pieces
 21954 | Orc:2    | 21954 ||| BUYING ring of protection from cold (400 gold).
 21954 | Orc:2    | Bought a ring of protection from cold for 400 gold pieces
 21959 | Orc:2    | Found Ehippim's Distillery.
 21967 | Orc:2    | 21967 ||| BUYING potion of curing (45 gold).
 21967 | Orc:2    | Bought a potion of curing for 45 gold pieces
 21967 | Orc:2    | 21967 ||| BUYING potion of curing (45 gold).
 21967 | Orc:2    | Bought a potion of curing for 45 gold pieces
 21967 | Orc:2    | 21967 ||| BUYING potion of curing (45 gold).
 21967 | Orc:2    | Bought a potion of curing for 45 gold pieces
 21967 | Orc:2    | 21967 ||| BUYING potion of haste (150 gold).
 21967 | Orc:2    | Bought a potion of haste for 150 gold pieces
 21967 | Orc:2    | 21967 ||| BUYING potion of heal wounds (75 gold).
 21967 | Orc:2    | Bought a potion of heal wounds for 75 gold pieces
 21967 | Orc:2    | 21967 ||| BUYING potion of magic (120 gold).
 21967 | Orc:2    | Bought a potion of magic for 120 gold pieces
 21967 | Orc:2    | 21967 ||| BUYING potion of might (60 gold).
 21967 | Orc:2    | Bought a potion of might for 60 gold pieces
 21967 | Orc:2    | 21967 ||| BUYING potion of might (60 gold).
 21967 | Orc:2    | Bought a potion of might for 60 gold pieces
 22032 | Orc:2    | Found a staircase to the Elven Halls.
 22185 | Orc:2    | 22185 ||| DROPPING ring of see invisible.
 22186 | Orc:2    | 22186 ||| DROPPING ring of ice.
 22187 | Orc:2    | 22187 ||| DROPPING ring of willpower.
 22218 | Orc:1    | 22218 ||| INVOKING Heroism.
 22260 | Orc:1    | 22260 ||| Stepping ~*~*~tactically~*~*~ (hiding).
 22263 | Orc:1    | 22263 ||| INVOKING Heroism.
 22345 | Orc:1    | 22345 ||| INVOKING Heroism.
 22347 | Orc:1    | 22347 ||| Stepping ~*~*~tactically~*~*~ (hiding).
 22411 | Orc:1    | 22411 ||| INVOKING Heroism.
 22528 | Orc:1    | 22528 ||| PLANNING SPIDER:1-3
 22665 | Spider:1 | Entered Level 1 of the Spider Nest
 22675 | Spider:1 | Noticed an emperor scorpion
 22676 | Spider:1 | 22676 ||| INVOKING Heroism.
 22682 | Spider:1 | Killed an emperor scorpion
 22683 | Spider:1 | Reached XP level 16. HP: 93/101 MP: 21/23
 22728 | Spider:1 | 22728 ||| Stepping ~*~*~tactically~*~*~ (stealth).
 22736 | Spider:1 | 22736 ||| Stepping ~*~*~tactically~*~*~ (stealth).
 22776 | Spider:1 | 22776 ||| Stepping ~*~*~tactically~*~*~ (stealth).
 22779 | Spider:1 | 22779 ||| INVOKING Finesse.
 22779 | Spider:1 | Noticed Kirke
 22780 | Spider:1 | 22780 ||| Stepping ~*~*~tactically~*~*~ (stealth).
 22782 | Spider:1 | 22782 ||| INVOKING Heroism.
 22785 | Spider:1 | Noticed a sphinx
 22786 | Spider:1 | 22786 ||| Stepping ~*~*~tactically~*~*~ (hiding).
 22791 | Spider:1 | Killed Kirke
 22818 | Spider:1 | Reached skill level 12 in Shields
 22820 | Spider:1 | 22820 ||| Stepping ~*~*~tactically~*~*~ (stealth).
 22869 | Spider:1 | 22869 ||| Stepping ~*~*~tactically~*~*~ (stealth).
 22879 | Spider:1 | 22879 ||| Stepping ~*~*~tactically~*~*~ (stealth).
 22880 | Spider:1 | 22880 ||| Stepping ~*~*~tactically~*~*~ (stealth).
 22881 | Spider:1 | 22881 ||| Stepping ~*~*~tactically~*~*~ (stealth).
 22884 | Spider:1 | 22884 ||| Stepping ~*~*~tactically~*~*~ (stealth).
 22886 | Spider:1 | 22886 ||| INVOKING Heroism.
 22887 | Spider:1 | 22887 ||| INVOKING Finesse.
 22888 | Spider:1 | 22888 ||| DRINKING 13 potions of curing.
 22888 | Spider:1 | 22888 ||| (to cure confusion)
 22892 | Spider:1 | Received a gift from Okawaru
 22958 | Spider:1 | 22958 ||| Stepping ~*~*~tactically~*~*~ (stealth).
 22969 | Spider:1 | 22969 ||| Stepping ~*~*~tactically~*~*~ (stealth).
 22970 | Spider:1 | 22970 ||| Stepping ~*~*~tactically~*~*~ (stealth).
 22971 | Spider:1 | 22971 ||| Stepping ~*~*~tactically~*~*~ (stealth).
 22975 | Spider:1 | Identified the +2 helmet "Kaklos" {rElec rCorr Stlth+}
                  | (Okawaru gifted it to you on level 1 of the Spider Nest)
 22975 | Spider:1 | Received a gift from Okawaru
 22977 | Spider:1 | 22977 ||| Stepping ~*~*~tactically~*~*~ (stealth).
 23056 | Spider:1 | 23056 ||| Stepping ~*~*~tactically~*~*~ (stealth).
 23057 | Spider:1 | 23057 ||| Stepping ~*~*~tactically~*~*~ (stealth).
 23058 | Spider:1 | 23058 ||| Stepping ~*~*~tactically~*~*~ (stealth).
 23060 | Spider:1 | 23060 ||| Stepping ~*~*~tactically~*~*~ (stealth).
 23061 | Spider:1 | 23061 ||| Stepping ~*~*~tactically~*~*~ (stealth).
 23117 | Spider:1 | Found a hide-covered altar of Uskayaw.
 23145 | Spider:1 | 23145 ||| Stepping ~*~*~tactically~*~*~ (stealth).
 23146 | Spider:1 | 23146 ||| Stepping ~*~*~tactically~*~*~ (stealth).
 23169 | Spider:1 | 23169 ||| Stepping ~*~*~tactically~*~*~ (stealth).
 23256 | Spider:2 | 23256 ||| INVOKING Heroism.
 23286 | Spider:2 | 23286 ||| Stepping ~*~*~tactically~*~*~ (stealth).
 23292 | Spider:2 | 23292 ||| INVOKING Heroism.
 23298 | Spider:2 | 23298 ||| INVOKING Finesse.
 23314 | Spider:2 | HP: 21/101 [culicivora[a torpor snail] (8)]
 23315 | Spider:2 | 23315 ||| READING 10 scrolls of teleportation.
 23316 | Spider:2 | 23316 ||| DRINKING 5 potions of heal wounds.
 23317 | Spider:2 | 23317 ||| DRINKING 12 potions of curing.
 23317 | Spider:2 | 23317 ||| (to cure confusion)
 23317 | Spider:2 | HP: 10/101 [culicivora[a torpor snail] (4)]
 23318 | Spider:2 | 23318 ||| DRINKING 4 potions of heal wounds.
 23340 | Spider:2 | Reached skill level 15 in Shields
 23343 | Spider:2 | 23343 ||| INVOKING Finesse.
 23343 | Spider:2 | HP: 18/101 [culicivora (10)]
 23344 | Spider:2 | 23344 ||| READING 9 scrolls of teleportation.
 23345 | Spider:2 | 23345 ||| DRINKING 3 potions of heal wounds.
 23371 | Spider:2 | 23371 ||| INVOKING Heroism.
 23609 | Spider:2 | 23609 ||| INVOKING Finesse.
 23688 | Spider:2 | 23688 ||| FLEEEEING.
 23694 | Spider:2 | 23694 ||| Stepping ~*~*~tactically~*~*~ (stealth).
 23695 | Spider:2 | 23695 ||| FLEEEEING.
 23696 | Spider:2 | 23696 ||| INVOKING Finesse.
 23705 | Spider:2 | 23705 ||| READING 9 scrolls of teleportation.
 23794 | Spider:2 | 23794 ||| Stepping ~*~*~tactically~*~*~ (hiding).
 23796 | Spider:2 | 23796 ||| INVOKING Finesse.
 24134 | Spider:3 | 24134 ||| Stepping ~*~*~tactically~*~*~ (stealth).
 24135 | Spider:3 | 24135 ||| Stepping ~*~*~tactically~*~*~ (stealth).
 24213 | Spider:3 | 24213 ||| Stepping ~*~*~tactically~*~*~ (stealth).
 24219 | Spider:3 | 24219 ||| Stepping ~*~*~tactically~*~*~ (hiding).
 24222 | Spider:3 | 24222 ||| INVOKING Heroism.
 24224 | Spider:3 | Received a gift from Okawaru
 24224 | Spider:3 | Found the +8 trishula "Condemnation" {holy, anguish, *Noise
                  | Fly rN+}
 24226 | Spider:3 | 24226 ||| INVOKING Finesse.
 24421 | Spider:3 | 24421 ||| INVOKING Heroism.
 24535 | Spider:3 | Reached XP level 17. HP: 106/106 MP: 24/24
 24776 | Spider:3 | 24776 ||| INVOKING Finesse.
 24780 | Spider:3 | 24780 ||| INVOKING Heroism.
 25079 | Spider:3 | 25079 ||| Stepping ~*~*~tactically~*~*~ (stealth).
 25081 | Spider:3 | 25081 ||| INVOKING Heroism.
 25082 | Spider:3 | 25082 ||| INVOKING Finesse.
 25148 | Spider:3 | 25148 ||| Stepping ~*~*~tactically~*~*~ (stealth).
 25149 | Spider:3 | 25149 ||| Stepping ~*~*~tactically~*~*~ (stealth).
 25153 | Spider:3 | 25153 ||| Stepping ~*~*~tactically~*~*~ (stealth).
 25269 | Spider:3 | 25269 ||| Stepping ~*~*~tactically~*~*~ (stealth).
 25413 | Spider:3 | 25413 ||| INVOKING Heroism.
 25442 | Spider:3 | 25442 ||| INVOKING Finesse.
 25548 | Spider:3 | 25548 ||| FLEEEEING.
 25674 | Spider:3 | 25674 ||| READING scroll of enchant armour.
 25674 | Spider:3 | 25674 ||| ENCHANTING +3 plate armour of poison resistance.
 25765 | Spider:3 | 25765 ||| PLANNING SWAMP:1-3
 25765 | Spider:3 | 25765 ||| DROPPING +6 scale mail of the Vaults {rElec rC-
                  | Will+++ Int+3}.
 25894 | Swamp:1  | Entered Level 1 of the Swamp
 25895 | Swamp:1  | 25895 ||| INVOKING Heroism.
 25951 | Swamp:1  | 25951 ||| INVOKING Heroism.
 26208 | Swamp:1  | 26208 ||| INVOKING Heroism.
 26290 | Swamp:1  | 26290 ||| INVOKING Heroism.
 26339 | Swamp:1  | 26339 ||| Stepping ~*~*~tactically~*~*~ (stealth).
 26340 | Swamp:1  | 26340 ||| Stepping ~*~*~tactically~*~*~ (stealth).
 26344 | Swamp:1  | 26344 ||| Stepping ~*~*~tactically~*~*~ (stealth).
 26367 | Swamp:1  | 26367 ||| Stepping ~*~*~tactically~*~*~ (stealth).
 26371 | Swamp:1  | 26371 ||| Stepping ~*~*~tactically~*~*~ (hiding).
 26556 | Swamp:1  | 26556 ||| DROPPING +2 cloak.
 26557 | Swamp:1  | 26557 ||| DROPPING ring of magical power.
 26602 | Swamp:2  | 26602 ||| INVOKING Heroism.
 26641 | Swamp:2  | Received a gift from Okawaru
 26733 | Swamp:2  | 26733 ||| INVOKING Heroism.
 26866 | Swamp:2  | 26866 ||| INVOKING Heroism.
 26947 | Swamp:2  | 26947 ||| Stepping ~*~*~tactically~*~*~ (cloud).
 27308 | Swamp:3  | 27308 ||| INVOKING Heroism.
 27366 | Swamp:3  | 27366 ||| INVOKING Heroism.
 27445 | Swamp:3  | 27445 ||| INVOKING Heroism.
 27512 | Swamp:3  | 27512 ||| Stepping ~*~*~tactically~*~*~ (hiding).
 27514 | Swamp:3  | 27514 ||| Stepping ~*~*~tactically~*~*~ (hiding).
 27657 | Swamp:3  | 27657 ||| INVOKING Heroism.
 27725 | Swamp:3  | 27725 ||| INVOKING Heroism.
 28011 | Swamp:3  | Received a gift from Okawaru
 28019 | Swamp:3  | 28019 ||| PLANNING SPIDER:4
 28155 | Spider:4 | Entered Level 4 of the Spider Nest
 28156 | Spider:4 | 28156 ||| INVOKING Heroism.
 28164 | Spider:4 | 28164 ||| STAIRDANCE
 28423 | Spider:4 | 28423 ||| Stepping ~*~*~tactically~*~*~ (hiding).
 28425 | Spider:4 | 28425 ||| Stepping ~*~*~tactically~*~*~ (hiding).
 28426 | Spider:4 | 28426 ||| INVOKING Finesse.
 28447 | Spider:4 | 28447 ||| Stepping ~*~*~tactically~*~*~ (stealth).
 28487 | Spider:4 | 28487 ||| INVOKING Heroism.
 28489 | Spider:4 | 28489 ||| INVOKING Finesse.
 28531 | Spider:4 | Reached skill level 18 in Axes
 28554 | Spider:4 | Received a gift from Okawaru
 28566 | Spider:4 | 28566 ||| Stepping ~*~*~tactically~*~*~ (hiding).
 28568 | Spider:4 | 28568 ||| Stepping ~*~*~tactically~*~*~ (hiding).
 28569 | Spider:4 | 28569 ||| INVOKING Finesse.
 28576 | Spider:4 | 28576 ||| INVOKING Heroism.
 28607 | Spider:4 | 28607 ||| Stepping ~*~*~tactically~*~*~ (stealth).
 28610 | Spider:4 | 28610 ||| Stepping ~*~*~tactically~*~*~ (stealth).
 28612 | Spider:4 | 28612 ||| INVOKING Heroism.
 28621 | Spider:4 | 28621 ||| Stepping ~*~*~tactically~*~*~ (stealth).
 28624 | Spider:4 | Noticed Arachne
 28625 | Spider:4 | 28625 ||| Stepping ~*~*~tactically~*~*~ (hiding).
 28626 | Spider:4 | 28626 ||| Stepping ~*~*~tactically~*~*~ (hiding).
 28627 | Spider:4 | 28627 ||| Stepping ~*~*~tactically~*~*~ (stealth).
 28628 | Spider:4 | 28628 ||| INVOKING Finesse.
 28633 | Spider:4 | Reached XP level 18. HP: 98/114 MP: 0/25
 28644 | Spider:4 | Killed Arachne
 28656 | Spider:4 | 28656 ||| Stepping ~*~*~tactically~*~*~ (stealth).
 28657 | Spider:4 | 28657 ||| Stepping ~*~*~tactically~*~*~ (stealth).
 28658 | Spider:4 | 28658 ||| Stepping ~*~*~tactically~*~*~ (stealth).
 28661 | Spider:4 | Received a gift from Okawaru
 28665 | Spider:4 | 28665 ||| Stepping ~*~*~tactically~*~*~ (stealth).
 28690 | Spider:4 | 28690 ||| INVOKING Finesse.
 28717 | Spider:4 | 28717 ||| Stepping ~*~*~tactically~*~*~ (stealth).
 28733 | Spider:4 | 28733 ||| DROPPING +3 war axe of flaming.
 28818 | Spider:4 | 28818 ||| INVOKING Finesse.
 28823 | Spider:4 | Noticed Louise
 28837 | Spider:4 | Killed Louise
 28952 | Spider:4 | 28952 ||| Stepping ~*~*~tactically~*~*~ (hiding).
 28957 | Spider:4 | 28957 ||| INVOKING Heroism.
 28964 | Spider:4 | 28964 ||| DRINKING 14 potions of curing.
 28964 | Spider:4 | 28964 ||| (to cure confusion)
 28975 | Spider:4 | 28975 ||| INVOKING Heroism.
 28980 | Spider:4 | Reached skill level 18 in Shields
 29002 | Spider:4 | 29002 ||| Stepping ~*~*~tactically~*~*~ (stealth).
 29019 | Spider:4 | 29019 ||| Stepping ~*~*~tactically~*~*~ (stealth).
 29022 | Spider:4 | 29022 ||| Stepping ~*~*~tactically~*~*~ (stealth).
 29025 | Spider:4 | 29025 ||| FLEEEEING.
 29027 | Spider:4 | 29027 ||| Stepping ~*~*~tactically~*~*~ (stealth).
 29028 | Spider:4 | 29028 ||| INVOKING Heroism.
 29041 | Spider:4 | 29041 ||| FLEEEEING.
 29090 | Spider:4 | 29090 ||| INVOKING Heroism.
 29406 | Spider:4 | Got a gossamer rune of Zot
 29600 | Spider:4 | 29600 ||| INVOKING Finesse.
 29607 | Spider:4 | 29607 ||| INVOKING Heroism.
 29683 | Spider:4 | 29683 ||| INVOKING Heroism.
 29689 | Spider:4 | Received a gift from Okawaru
 29815 | Spider:4 | 29815 ||| INVOKING Finesse.
 29911 | Spider:4 | 29911 ||| Stepping ~*~*~tactically~*~*~ (stealth).
 29922 | Spider:4 | 29922 ||| Stepping ~*~*~tactically~*~*~ (stealth).
 29923 | Spider:4 | Noticed Anuqaetage's ghost (adept HOFi)
 30009 | Spider:4 | 30009 ||| INVOKING Heroism.
 30012 | Spider:4 | Received a gift from Okawaru
 30168 | Spider:4 | Found a transporter.
 30171 | Spider:4 | Found a transporter.
 30188 | Spider:4 | 30188 ||| READING scroll of enchant armour.
 30188 | Spider:4 | 30188 ||| ENCHANTING +4 plate armour of poison resistance.
 30289 | Spider:4 | 30289 ||| PLANNING VAULTS:1-4
 30289 | Spider:4 | 30289 ||| DROPPING +0 pair of boots of rampaging.
 30290 | Spider:4 | 30290 ||| DROPPING scarf of invisibility.
 30291 | Spider:4 | 30291 ||| DROPPING scarf of invisibility.
 30292 | Spider:4 | 30292 ||| DROPPING +2 pair of boots.
 30522 | Vaults:1 | Entered Level 1 of the Vaults
 30522 | Vaults:1 | Identified the +3 kite shield "Dywnoruq" {Drain rPois Will+
                  | Int+4}
 30522 | Vaults:1 | Noticed Donald
 30523 | Vaults:1 | 30523 ||| INVOKING Heroism.
 30524 | Vaults:1 | 30524 ||| INVOKING Finesse.
 30533 | Vaults:1 | Killed Donald
 30596 | Vaults:1 | 30596 ||| INVOKING Heroism.
 30737 | Vaults:1 | 30737 ||| INVOKING Heroism.
 30751 | Vaults:1 | HP: 23/116 [titanic slime creature (40)]
 30752 | Vaults:1 | 30752 ||| READING 9 scrolls of teleportation.
 30753 | Vaults:1 | 30753 ||| DRINKING 3 potions of heal wounds.
 30753 | Vaults:1 | Demolished by a titanic slime creature

Levels and vault maps discovered:
D:1:      dpeg_arrival_caged_fury, layout_basic,
          shapermc_ecumenical_altar_petra, serial_shops, shop,
          nicolae_shop_waterfront, nicolae_shop_bloodbath_and_beyond,
          shop_statue, nicolae_shop_advertising_works
          [nicolae_subvault_shop_adworks], minmay_octomino_e4
D:2:      layout_basic, kennysheep_crisscross
D:3:      layout_basic
D:4:      layout_basic, zin_angel, kennysheep_orc_sif_temple
D:5:      layout_basic
D:6:      layout_basic, nicolae_uskayaw_en_pointe, temple_fountains,
          hangedman_decor_opposing, serial_bayou_lagoon_b
D:7:      layout_basic, nicolae_overflow_hidden_temple,
          minmay_misc_feat_ornament, uniq_duvessa
D:8:      layout_loops_corners, mainiacjoe_overflow_swirl,
          kennysheep_cross_bottleneck
D:9:      layout_rooms, mainiacjoe_overflow_paths, nicolae_wooded_promenade,
          uniq_harold
D:10:     layout_basic, gammafunk_ghost_necromancy, serial_shops, shop
D:11:     layout_loops_ring, lair_entry_dummy, orc_0_dummy, chequers_garden,
          uniq_maurice
D:12:     layout_gridville, chequers_serial_rivers_small_3, nzn_life_drinkers
D:13:     layout_irregular_city, grunt_vaults_entry_tiered
D:14:     layout_grid_maze, serial_shops, shop, minivault_26,
          minmay_tree_intersection, uniq_agnes, uniq_josephine
D:15:     grunt_enter_depths_giant_problem, layout_irregular_city,
          gammafunk_ghost_grave, uniq_roxanne
Temple:   regret_index_temple_generic_petals
Lair:1:   layout_regular_city, grunt_forest_small_clearings, uniq_sonja
Lair:2:   layout_hall_layers, spider_nest_entry_web_field,
          gauntlet_entry_generic, worms_lemuel
Lair:3:   layout_cave_pods, skrybe_swamp_entry_bodies
Lair:4:   layout_misc_corridors, grunt_megastairs_2, lemuel_fruit_tree
Lair:5:   minmay_lair_end_enchanted_forest, layout_gridlike, slime_entry_1,
          nicolae_volcano_entry_s_turn, lookout_lair_type,
          nicolae_lair_lil_pond, serial_bayou_shore_a
Swamp:1:  layout_falls_marsh, evilmike_swamp_ruin_rubble_1
Swamp:2:  layout_basic_swamp, evilmike_swamp_ruin_rubble_2, swamp_pool1
Swamp:3:  layout_basic_swamp, nicolae_swamp_feature_on_the_river_bank,
          swamp_pool2
Spider:1: layout_spider_delve, nicolae_spider_altar_of_dancing, uniq_kirke
Spider:2: layout_spider_delve, hangedman_spider_tarantella_strand
Spider:3: layout_chambers
Spider:4: johnstein_spider_rune_arachne_lair, gammafunk_ghost_mausoleum,
          uniq_louise
Orc:1:    nicolae_orc_accident_2, layout_diamond_mine
Orc:2:    st_orc_town, layout_diamond_mine
Vaults:1: nicolae_vaults_yaktaur_gun_rack, st_lattice,
          ontoclasm_vaults_loading_screen, hangedman_vaults_capsules,
          nicolae_vaults_circle_grid_a, dpeg_vaults_monster_box,
          hangedman_vaults_trim, vaults_dpeg_doors,
          ontoclasm_vaults_ring_square, ontoclasm_vaults_ring_small,
          vaults_room_fancy_cross, v_misc_18, ontoclasm_vaults_hangar,
          v_misc_11, vaults_room_hallway, layout_vaults_omnibox, serial_shops,
          nicolae_shop_statue_plus, nicolae_shop_behind_doors, shop,
          nicolae_shop_crystal, uniq_donald

Skill      XL: |  1  2  3  4  5  6  7  8  9 10 11 12 13 14 15 16 17 18 |
---------------+-------------------------------------------------------+-----
Axes           | 2 3 5 6 7 8 9 11 12 14 16 17 18 | 18.0
Dodging        | 1 2 3 4 |  4.1
Fighting       | 4 5 6 7 8 9 10 11 12 13 14 | 14.0
Armour         | 4 5 7 8 9 11 12 13 14 | 14.0
Invocations    | 3 4 8 10 | 10.0
Shields        | 4 6 7 10 16 17 18 | 18.0
Throwing       | 1 5 6 7 8 |  8.0

Action                   |  1- 3 |  4- 6 |  7- 9 | 10-12 | 13-15 | 16-18 || total
-------------------------+-------+-------+-------+-------+-------+-------++-------
Melee: War axe           |   104 |    85 |   154 |   295 |   123 |       ||   761
       Broad axe         |       |       |       |       |   452 |   643 ||  1095
Throw: Boomerang         |       |       |       |    43 |    12 |    40 ||    95
       Javelin           |       |       |       |    28 |   178 |   130 ||   336
Invok: Heroism           |       |       |    10 |    23 |    46 |    36 ||   115
       Finesse           |       |       |       |     3 |     8 |    20 ||    31
  Use: Scroll            |     5 |     6 |    12 |    10 |     4 |     6 ||    43
       Potion            |     3 |     2 |     1 |     1 |     3 |     7 ||    17
Armor: Scale mail        |    50 |    50 |     7 |       |       |       ||   107
       Chain mail        |       |       |    91 |     8 |       |       ||    99
       Plate armour      |       |       |       |   121 |   194 |   326 ||   641
Dodge: Dodged            |    42 |    44 |    68 |    69 |   130 |   163 ||   516
       Repelled          |       |       |       |     1 |       |       ||     1
Block: Buckler           |    19 |    13 |    51 |   116 |   164 |       ||   363
       Reflection        |       |       |     3 |     8 |    33 |    16 ||    60
       Tower shield      |       |       |       |       |    80 |   585 ||   665

Table legend:
 A = Non-vault XP
 B = Vault XP
 C = Vault XP percentage of total XP
 D = Non-vault monster count
 E = Vault monster count
 F = Vault count percentage of total count
                 A         B        C        D         E       F
            +---------+---------+-------+---------+---------+-------
      Total |  214901 |   73980 |  25.6 |     715 |     238 |  25.0
            +---------+---------+-------+---------+---------+-------
        D:1 |      43 |       5 |  10.4 |      25 |       3 |  10.7
        D:2 |      27 |       0 |   0.0 |      17 |       0 |   0.0
        D:3 |      22 |       0 |   0.0 |       6 |       0 |   0.0
        D:4 |     211 |      73 |  25.7 |      14 |       3 |  17.6
        D:5 |     194 |       0 |   0.0 |      10 |       0 |   0.0
        D:6 |    1106 |       0 |   0.0 |      15 |       0 |   0.0
        D:7 |     702 |     231 |  24.8 |      13 |       2 |  13.3
        D:8 |     956 |       0 |   0.0 |      13 |       0 |   0.0
        D:9 |    1346 |     871 |  39.3 |      21 |       1 |   4.5
       D:10 |    2866 |       0 |   0.0 |      10 |       0 |   0.0
       D:11 |    2664 |     469 |  15.0 |      10 |       1 |   9.1
       D:12 |    7668 |     208 |   2.6 |      28 |       1 |   3.4
       D:13 |    8456 |    7419 |  46.7 |      19 |      25 |  56.8
       D:14 |    8716 |    2989 |  25.5 |      19 |       5 |  20.8
       D:15 |   16750 |    2477 |  12.9 |      29 |       2 |   6.5
     Lair:1 |    6268 |     644 |   9.3 |      22 |       1 |   4.3
     Lair:2 |    4579 |     157 |   3.3 |      20 |       1 |   4.8
     Lair:3 |    3192 |    1358 |  29.8 |      12 |       2 |  14.3
     Lair:4 |    1828 |    2270 |  55.4 |       8 |       7 |  46.7
     Lair:5 |   12281 |    9916 |  44.7 |      59 |      43 |  42.2
    Swamp:1 |   11164 |       0 |   0.0 |      24 |       0 |   0.0
    Swamp:2 |   14847 |       0 |   0.0 |      32 |       0 |   0.0
    Swamp:3 |    8817 |       0 |   0.0 |      17 |       0 |   0.0
   Spider:1 |   15604 |    4184 |  21.1 |      39 |      12 |  23.5
   Spider:2 |   27231 |     271 |   1.0 |      67 |       1 |   1.5
   Spider:3 |   21541 |       0 |   0.0 |      62 |       0 |   0.0
   Spider:4 |   21108 |   27500 |  56.6 |      44 |      46 |  51.1
      Orc:1 |    2441 |     814 |  25.0 |      32 |       4 |  11.1
      Orc:2 |    4084 |    4606 |  53.0 |      19 |      54 |  74.0
   Vaults:1 |    8189 |    1385 |  14.5 |       9 |       1 |  10.0
   Gauntlet |       0 |    6133 | 100.0 |       0 |      23 | 100.0
            +---------+---------+-------+---------+---------+-------
